AoeStats
← Vabryn

QS Arena

503555218Analyzed
4v4 RM · 1mo ago on Sep 1, 2026· 37m 30s· 8 players
Game mode
Random Map
Map size
Large (8 player)
Population
200
Speed
Normal
Resources
Standard
Victory
Conquest
Starting age
Dark Age
Ending age
Imperial Age
RankedLock teamsTeams togetherTeam positionsShared explorationLock speedFull tech treeHidden civsTurbo modeCheats
Victory
Defeat
🇦🇺 Italians · Australia
1338
+12
🇦🇺 Burmese · Australia
1249
+16
🇺🇸 Teutons · United States
1246
+16
🇳🇿 Chinese · New Zealand
1222
+17
🇲🇽 Mongols · Mexico
1323
-19
🇺🇸 Huns · United States
1287
-17
🇲🇽 Sicilians · Mexico
1207
-13
🇨🇳 Italians · China
1166
-12
AquilaMaximus
8:15 Feudal Age
12:20 Castle Age
10:49 Double-Bit Axe
11:12 Horse Collar
14:14 Bow Saw
15:27 Heavy Plow
20:52 Wheelbarrow
22:23 Hand Cart
21:54 Loom
21:55 Town Watch
22:16 Gold Mining
23:19 Stone Mining
24:40 Stone Shaft Mining
26:55 Imperial Age
24:46 Caravan
25:17 Coinage
25:21 Fortified Wall
25:40 Forging
25:36 Scale Barding Armor
26:33 Bloodlines
26:59 Iron Casting
26:38 Masonry
27:01 Cavalier
28:24 Chain Barding Armor
28:39 Conscription
28:57 Hoardings
30:25 Blast Furnace
29:14 Paladin
30:58 Crop Rotation
31:21 Plate Barding Armor
30:50 Squires
33:11 Siege Engineers
34:04 Ironclad
35:18 Chemistry
34:39 Ballistics
36:07 Banking
37:12 Crenellations
36:46 Fletching
37:42 Guilds
Blinky Bill
9:08 Feudal Age
12:43 Castle Age
10:36 Horse Collar
13:48 Heavy Plow
18:34 Herbal Medicine
22:12 Wheelbarrow
25:25 Imperial Age
23:11 Gold Mining
23:11 Stone Mining
23:09 Loom
24:19 Scale Barding Armor
24:24 Forging
25:06 Gold Shaft Mining
25:42 Bloodlines
25:32 Husbandry
26:32 Chain Barding Armor
27:58 Chemistry
28:29 Plate Barding Armor
28:30 Iron Casting
28:02 Howdah
32:10 Crop Rotation
31:57 Elite Battle Elephant
34:06 Hand Cart
34:51 Manipur Cavalry
35:11 Conscription
36:22 Fortified Wall
37:52 Blast Furnace
OGJak
9:08 Feudal Age
10:12 Double-Bit Axe
12:59 Castle Age
11:35 Horse Collar
12:23 Stone Mining
14:10 Heavy Plow
14:21 Bow Saw
15:20 Fletching
15:16 Loom
19:25 Stone Shaft Mining
18:40 Gold Mining
18:46 Gold Mining
19:35 Wheelbarrow
25:58 Imperial Age
24:17 Padded Archer Armor
24:16 Bodkin Arrow
24:43 Ballistics
25:15 Stone Shaft Mining
24:58 Hand Cart
26:44 Leather Archer Armor
27:45 Chemistry
26:54 Thumb Ring
27:55 Bracer
28:26 Ring Archer Armor
28:51 Conscription
33:31 Scale Mail Armor
33:41 Forging
34:33 Elite Genoese Crossbowman
Ferraa
1:12 Loom
9:21 Feudal Age
10:42 Double-Bit Axe
13:20 Castle Age
12:15 Horse Collar
14:42 Bow Saw
17:12 Gold Mining
17:34 Heavy Plow
20:40 Fletching
22:20 Bodkin Arrow
22:54 Stone Mining
23:41 Gold Shaft Mining
22:54 Crossbowman
24:15 Padded Archer Armor
24:26 Thumb Ring
26:39 Wheelbarrow
26:21 Leather Archer Armor
26:59 Town Watch
30:21 Imperial Age
28:08 Hand Cart
28:27 Ballistics
28:59 Stone Shaft Mining
29:54 Masonry
30:56 Arbalester
32:31 Conscription
31:42 Heavy Rocket Cart
32:33 Bracer
33:04 Ring Archer Armor
Vabryn
7:45 Feudal Age
9:00 Wheelbarrow
8:13 Horse Collar
8:53 Double-Bit Axe
18:37 Castle Age
19:49 Hand Cart
20:01 Stone Mining
22:03 Bow Saw
22:13 Gold Mining
22:33 Heavy Plow
22:56 Loom
23:08 Gold Mining
28:55 Imperial Age
29:24 Forging
31:29 Two-Man Saw
34:04 Iron Casting
33:59 Husbandry
34:29 Scale Barding Armor
34:51 Cavalier
36:01 Marauders
38:00 Gold Shaft Mining
KOBU ︻芫 ———
10:24 Feudal Age
12:05 Double-Bit Axe
12:02 Horse Collar
14:49 Castle Age
13:08 Gold Mining
14:24 Stone Mining
15:57 Wheelbarrow
16:06 Wheelbarrow
17:17 Loom
20:30 Heavy Plow
26:15 Imperial Age
24:11 Bow Saw
25:32 Forging
25:22 Scale Mail Armor
25:26 Squires
26:19 Chain Mail Armor
26:58 Iron Casting
27:08 First Crusade
26:59 Arson
27:54 Plate Mail Armor
28:45 Blast Furnace
28:22 Elite Serjeant
28:31 Pikeman
32:13 Halberdier
35:00 Halberdier
Sastre ᴿˢ-
7:38 Feudal Age
12:19 Castle Age
11:39 Double-Bit Axe
12:32 Loom
16:44 Horse Collar
18:29 Fletching
23:09 Bodkin Arrow
28:10 Imperial Age
26:28 Bow Saw
27:01 Stone Mining
27:19 Padded Archer Armor
27:20 Gold Mining
30:17 Bracer
32:09 Chemistry
31:30 Leather Archer Armor
32:06 Heavy Scorpion
34:42 Wheelbarrow
34:45 Gold Shaft Mining
OceaN X
0:41 Loom
7:12 Feudal Age
7:58 Feudal Age
12:56 Castle Age
10:50 Double-Bit Axe
11:04 Horse Collar
12:53 Gold Mining
14:09 Bow Saw
19:33 Stone Mining
20:44 Sanctity
23:29 Padded Archer Armor
23:19 Fletching
24:49 Wheelbarrow
27:34 Imperial Age
25:55 Heavy Plow
26:13 Leather Archer Armor
25:55 Bodkin Arrow
26:06 Scale Barding Armor
26:27 Town Watch
26:50 Murder Holes
27:34 Thumb Ring
28:11 Hand Cart
28:42 Conscription
30:23 Chemistry
29:44 Ballistics
29:14 Elite Genoese Crossbowman
32:29 Crop Rotation
33:01 Hoardings
Connection lost

Rejoining the realm…

Still unreachable

The connection could not be restored.

Session expired

The server has moved on; the page needs a fresh start.